 Dungeon Crawl Stone Soup version 0.31.0-4-g52a2dc7128 (webtiles) character file.

Game seed: 3543706277210876851

646 BeingJoeMalik the Spear-Bearer (level 7, -1/60 HPs)
             Began as a Naga Gladiator on Jan 23, 2024.
             Was a Follower of Makhleb.
             Slain by a gnoll
             ... wielding a +0 club
             ... led by a gnoll bouda
              (6 damage)
             ... on level 5 of the Dungeon.
             The game lasted 00:11:45 (4251 turns).

BeingJoeMalik the Spear-Bearer (Naga Gladiator)     Turns: 4251, Time: 00:11:45

Health: -1/60      AC:  4    Str: 17    XL:     7   Next: 52%
Magic:  7/7        EV: 10    Int:  8    God:    Makhleb [*.....]
Gold:   106        SH:  0    Dex: 14    Spells: 6/6 levels left

rFire   . . .        a - +1 trident
rCold   . . .        (no shield)
rNeg    . . .        b - +0 leather armour
rPois   +            c - +0 helmet
rElec   .            (no cloak)
rCorr   .            (no gloves)
SInv    +            (no barding)
Will    .....        (no amulet)
Stlth   +            (no ring)
HPRegen 0.30/turn    (no ring)
MPRegen 0.10/turn

%: no passive effects
@: very slow
A: AC +2, large, see invisible, deformed body, poison resistance, slowness 2,
spit poison 1, naga tail 1
a: Spit Poison, Renounce Religion


You were on level 5 of the Dungeon.
You worshipped Makhleb.
Makhleb was aware of your devotion.
You visited 1 branch of the dungeon, and saw 5 of its levels.

You collected 201 gold pieces.
You spent 95 gold pieces at shops.

Inventory:

Hand Weapons
 a - a +1 trident (weapon)
 f - a +0 halberd
Missiles
 d - 4 throwing nets
 e - a javelin
 s - 2 poisoned darts
Armour
 b - a +0 leather armour (worn)
 c - a +0 helmet (worn)
Wands
 n - a wand of charming (2)
Scrolls
 l - a scroll of immolation
Potions
 i - 3 potions of enlightenment
 r - 3 potions of lignification
 t - 2 potions of cancellation


   Skills:
 + Level 2.2 Fighting
 + Level 8.5 Polearms
 - Level 1.7 Throwing
 - Level 2.4 Dodging


You had 6 spell levels left.
You didn't know any spells.
Your spell library contained the following spells:

 Spells                   Type           Power      Damage    Failure   Level
 Apportation              Tloc           0%         N/A       47%         1
 Necrotise                Necr           0%         1d4       47%         1
 Sting                    Conj/Alch      0%         1d3       47%         1
 Summon Small Mammal      Summ           0%         N/A       47%         1
 Ensorcelled Hibernation  Hex/Ice        0%         N/A       63%         2
 Passwall                 Erth           0%         N/A       85%         3
 Swiftness                Air            0%         N/A       85%         3


Dungeon Overview and Level Annotations

Branches:
Dungeon (5/15)
 Temple: D:4-7

Altars:
Ashenzari
Fedhas
Makhleb
Xom
Yredelemnul

Shops:
D:3 (*

Annotations:
D:2 1 runed translucent door, Crazy Yiuf
D:3 2 transporters


Innate Abilities, Weirdness & Mutations

Your serpentine skin is tough. (AC +2)
You have supernaturally acute eyesight. (SInv)
Armour fits poorly on your strangely shaped body.
Your system is resistant to poisons. (rPois)
You cover ground very slowly.
You can spit poison.
You have a snake-like lower body.


Message History

Unknown command.
The gnoll bouda hits you from afar with a +0 trident!
* * * LOW HITPOINT WARNING * * *
Unknown command.
Okay, then.
Unknown command.
Okay, then.
Unknown command.
The gnoll closely misses your gnoll.
The gnoll bouda attacks as it pursues you!
The gnoll bouda closely misses you.
Unknown command.
The gnoll bouda hits your gnoll with a +0 trident!
The gnoll closely misses your gnoll.
Unknown command.
Your attacks no longer feel as feeble.
The gnoll bouda gazes fiercely through you!
You feel your attacks grow feeble.
The gnoll hits your gnoll with a +0 club.
The gnoll unwields a +0 halberd.
The gnoll wields a +0 sling.
The gnoll shoots a sling bullet.
The sling bullet barely misses your gnoll.
The sling bullet hits you.
* * * LOW HITPOINT WARNING * * *
Unknown command.
The gnoll barely misses your gnoll.
The gnoll bouda hits your gnoll with a +0 trident.
Your gnoll dies!
Unknown command.
Aiming: Charm
Press: ? - help, Shift-Dir - straight line, f/p - gnoll bouda
Aim: a gnoll bouda, wielding a +0 trident and wearing a +0 robe (heavily wounded, chance to affect: 49%)
The gnoll bouda is charmed.
Your gnoll bouda barely misses the gnoll.
Unknown command.
Unknown command.
Your attacks no longer feel as feeble.
The gnoll attacks as it pursues you! The gnoll misses you.
The gnoll hits you with a +0 club.
You die...

##...##...### ##...........#
#............# #............#
#............# ##...........#
##....#.....#
####>..####....######## #......#
#.....@ggg..####### ..###.##
#......P.....B....# .## #.#
#)(##..P._........##### .####)###
#..##..P......[....g.))
........###..##...PPP.......#####
.####.#.)....##.........##### #.
## #.###....##.......##### #.) #
#†###.#..#######......# #... #
##.#...#..#######...##.# #....


You could see a bombardier beetle, 2 gnolls and a friendly gnoll bouda
(charmed).

Vanquished Creatures
  2 scorpions (D:4)
  A howler monkey (D:5)
  A gnoll bouda (D:5)
  A sleepcap (D:5)
  3 hounds
  2 iguanas (D:5)
  Ijyb (D:3)
  An orc wizard (D:4)
  A hound zombie (D:3)
  10 gnolls (D:5)
  5 adders
  An adder zombie (D:3)
  A ribbon worm (D:3)
  A dart slug (D:5)
  2 orcs (D:4)
  5 endoplasms
  3 giant cockroaches
  5 goblins
  9 hobgoblins
  4 jackals (D:2)
  3 kobolds
  2 quokkas
  4 ball pythons (D:2)
  4 bats
  2 frilled lizards (D:3)
  7 rats
81 creatures vanquished.

Vanquished Creatures (others)
  A gnoll (D:5)
1 creature vanquished.

Grand Total: 82 creatures vanquished

Notes
Turn   | Place    | Note
-------+----------+-------------------------------------------
     0 | D:1      | BeingJoeMalik the Naga Gladiator began the quest for the
                  | Orb.
     0 | D:1      | Reached XP level 1. HP: 19/19 MP: 1/1
   157 | D:1      | Reached XP level 2. HP: 13/26 MP: 2/2
   896 | D:2      | Found a shimmering altar of Xom.
   925 | D:2      | Reached skill level 4 in Polearms
   925 | D:2      | Reached XP level 3. HP: 26/32 MP: 3/3
  1688 | D:2      | Found a runed translucent door.
  1689 | D:2      | Noticed Crazy Yiuf
  1756 | D:3      | Noticed Ijyb
  1830 | D:3      | Found a transporter.
  1876 | D:3      | Found a transporter.
  1970 | D:3      | Found a broken altar of Ashenzari.
  1993 | D:3      | Reached XP level 4. HP: 30/39 MP: 4/4
  2100 | D:3      | Found Tiotioleq's Weapon Boutique.
  2158 | D:3      | Killed Ijyb
  2159 | D:3      | Reached skill level 5 in Polearms
  2304 | D:3      | Found Kippikat's Assorted Antiques.
  2391 | D:3      | Found a basalt altar of Yredelemnul.
  2431 | D:3      | Bought 2 fuming brown potions for 46 gold pieces
  2431 | D:3      | Bought a sedimented dark potion for 23 gold pieces
  2431 | D:3      | Bought a scroll labelled GITWIX JUTI for 26 gold pieces
  2449 | D:4      | Noticed a scorpion
  2455 | D:4      | Killed a scorpion
  2456 | D:4      | Reached skill level 6 in Polearms
  2456 | D:4      | Reached XP level 5. HP: 24/45 MP: 5/5
  2648 | D:4      | Reached XP level 6. HP: 43/52 MP: 6/6
  2744 | D:4      | You fall into a shaft and drop 1 floor!
  2744 | D:5      | Entered Level 5 of the Dungeon
  2763 | D:5      | Found a burning altar of Makhleb.
  2771 | D:5      | Became a worshipper of Makhleb the Destroyer
  2942 | D:5      | Reached skill level 7 in Polearms
  3381 | D:4      | Reached XP level 7. HP: 52/60 MP: 7/7
  3586 | D:4      | Reached skill level 8 in Polearms
  3905 | D:5      | Reached * piety under Makhleb
  3987 | D:5      | Found a blossoming altar of Fedhas.
  4251 | D:5      | Slain by a gnoll

Illustrated notes

Levels and vault maps discovered:
D:1:      dpeg_arrival_boxorama, layout_basic
D:2:      layout_loops_ring, basic_altar, serial_forest,
          infiniplex_forest_clump_cross, infiniplex_forest_clump_C,
          infiniplex_forest_straight_3, infiniplex_forest_lined_4_way,
          hangedman_abyss_or_decor_lesser_grid, uniq_crazy_yiuf_cottage
D:3:      gammafunk_steamed_eel, layout_rooms, lemuel_zombie_altar_yredelemnul,
          old_standard_altar, serial_shops, nicolae_shop_overgrown_old_shop,
          nicolae_shop_real_fake_doors, serial_glass, glass_columns_b,
          glass_columns_b, uniq_ijyb
D:4:      cheibrodos_greedy_goblins, layout_basic
D:5:      layout_rooms, fedhas_altar_3, elyvilon_altar_1,
          mainiacjoe_overflow_chevrons, uniq_sigmund

Skill      XL: |  1  2  3  4  5  6  7 |
---------------+----------------------+-----
Polearms       | 4 6 7 8 |  8.5
Fighting       | |  2.2
Throwing       | |  1.7
Dodging        | |  2.4

Action                     |  1- 3 |  4- 6 |  7- 9 || total
---------------------------+-------+-------+-------++-------
  Melee: Trident           |    88 |   137 |    64 ||   289
         Punch             |       |     3 |       ||     3
  Throw: Throwing net      |     1 |       |       ||     1
         Dart              |       |     2 |       ||     2
Ability: Spit Poison       |    20 |    22 |     9 ||    51
  Evoke: Wand              |       |     1 |     2 ||     3
    Use: Potion            |       |     2 |     6 ||     8
         Scroll            |       |     3 |     7 ||    10
 Armour: Leather armour    |    52 |   100 |    57 ||   209
  Dodge: Dodged            |    50 |    70 |    35 ||   155
